[Event "Istanbul Open 2019"]
[Site "Istanbul"]
[Date "2019.08.31"]
[Round "8.9"]
[White "Tarhan, Adar"]
[Black "Ozbay, Ece"]
[Result "1-0"]
[ECO "B47"]
[WhiteElo "1949"]
[BlackElo "2125"]
[Annotator "RC"]
[PlyCount "85"]
[EventDate "2019.08.26"]
[EventType "swiss"]
[EventCountry "TUR"]
[SourceTitle "playchess.com"]
[Source "ChessBase"]
[SourceQuality "1"]
[TimeControl "5400+30"]

1. e4 c5 2. Nf3 e6 3. d4 cxd4 4. Nxd4 Nc6 5. Nc3 Qc7 6. g3 a6 7. Bg2 Nf6 8. O-O Nxd4 9. Qxd4 Bc5 10. Bf4 d6 11. Qd3 Ng4 12. Na4 Ne5 13. Qc3 b6 14. b4 Bd7 15. bxc5 Bxa4 16. Qd4 Qd7 17. cxd6 f6 18. Bxe5 fxe5 19. Qxe5 O-O 20. Qd4 Rac8 21. e5 Rxc2 22. Rac1 Rfc8 23. Rxc2 Rxc2 24. Qxb6 Bb5 25. Ra1 Qc8 26. Qe3 Rc3 27. Qe1 Qc5 28. Rd1 Bd7 29. Be4 g6 30. Bg2 Rc2 31. a4 Qc4 32. Qe3 Qxa4 33. Rb1 Qc4 34. Bf1 Qa4 35. Qa7 Rc8 36. Rb7 Rd8 37. Qxa6 Qxa6 38. Bxa6 Kf8 39. Bb5 Bxb5 40. Rxb5 Rd7 41. Rb8+ Kg7 42. Rc8 Kf7 43. Rc7 1-0

[Event "Istanbul Open 2019"]
[Site "Istanbul"]
[Date "2019.08.31"]
[Round "8.10"]
[White "Ozsakallioglu, Akin"]
[Black "Suleymanli, Suleyman"]
[Result "1/2-1/2"]
[ECO "C06"]
[WhiteElo "2067"]
[BlackElo "2021"]
[Annotator "NA"]
[PlyCount "45"]
[EventDate "2019.08.26"]
[EventType "swiss"]
[EventCountry "TUR"]
[SourceTitle "playchess.com"]
[Source "ChessBase"]
[SourceQuality "1"]
[TimeControl "5400+30"]

1. e4 e6 2. d4 d5 3. Nd2 Nf6 4. e5 Nfd7 5. Bd3 c5 6. c3 Nc6 7. Ngf3 Qb6 8. O-O cxd4 9. cxd4 Nxd4 10. Nxd4 Qxd4 11. Nf3 Qb6 12. Qa4 Qb4 13. Qc2 h6 14. a3 Qb6 15. b4 Be7 16. Be3 Qd8 17. Rfc1 O-O 18. Qd2 f5 19. Bxh6 gxh6 20. Qxh6 Rf7 21. Qg6+ Kf8 22. Qh6+ Kg8 23. Qg6+ 1/2-1/2

[Event "Istanbul Open 2019"]
[Site "Istanbul"]
[Date "2019.08.31"]
[Round "8.11"]
[White "Grigoriev, Armen"]
[Black "Makaraci, Tunahan"]
[Result "1-0"]
[ECO "A05"]
[WhiteElo "2017"]
[BlackElo "2064"]
[Annotator "NA RC"]
[PlyCount "135"]
[EventDate "2019.08.26"]
[EventType "swiss"]
[EventCountry "TUR"]
[SourceTitle "playchess.com"]
[Source "ChessBase"]
[SourceQuality "1"]
[TimeControl "5400+30"]

1. Nf3 Nf6 2. g3 e6 3. Bg2 b6 4. O-O Bb7 5. d3 d5 6. a4 a5 7. Nc3 Be7 8. e4 dxe4 9. Ng5 Na6 10. Ngxe4 Nd5 11. Bd2 O-O 12. h4 Nab4 13. Ng5 Nxc3 14. bxc3 Bxg2 15. Kxg2 Nd5 16. Qe2 Qd7 17. Qe4 Nf6 18. Qf3 Rad8 19. Rfb1 h6 20. Nh3 e5 21. Rd1 Ng4 22. Qe4 f5 23. Qc4+ Kh8 24. f3 Nf6 25. Nf2 Nh5 26. Rg1 Bd6 27. Rae1 Rde8 28. g4 Nf4+ 29. Bxf4 exf4 30. Rxe8 Qxe8 31. d4 fxg4 32. Nxg4 h5 33. Nf2 Be7 34. Ne4 Bxh4 35. Qd5 Qg6+ 36. Kf1 Qf5 37. Qxf5 Rxf5 38. c4 Be7 39. Kg2 Kh7 40. Kh3 g5 41. Re1 Kg6 42. c3 Rf7 43. Rb1 Rf5 44. Re1 Bd6 45. Re2 Rf8 46. Rg2 Be7 47. Rb2 Bf6 48. Rb5 Re8 49. Kg2 g4 50. c5 bxc5 51. Rxc5 h4 52. Rc6 h3+ 53. Kh2 Rxe4 54. fxe4 Kg5 55. e5 Bd8 56. Re6 Kf5 57. Re8 Bh4 58. Rf8+ Ke4 59. e6 Kf3 60. Rg8 Bf6 61. Rg6 Bh4 62. Rg7 Bf6 63. e7 Bxe7 64. Rxe7 Kf2 65. Rg7 Kf3 66. d5 g3+ 67. Kxh3 Ke4 68. c4 1-0

[Event "Istanbul Open 2019"]
[Site "Istanbul"]
[Date "2019.08.31"]
[Round "8.13"]
[White "Oner, Oguz"]
[Black "Sar, Can"]
[Result "1-0"]
[ECO "D37"]
[WhiteElo "1997"]
[BlackElo "2003"]
[Annotator "NA RC"]
[PlyCount "51"]
[EventDate "2019.08.26"]
[EventType "swiss"]
[EventCountry "TUR"]
[SourceTitle "playchess.com"]
[Source "ChessBase"]
[SourceQuality "1"]
[TimeControl "5400+30"]

1. d4 Nf6 2. c4 e6 3. Nf3 a6 4. Nc3 d5 5. cxd5 exd5 6. Bg5 Be6 7. e3 Nbd7 8. Bd3 Bd6 9. O-O h6 10. Bf4 Qe7 11. Ne5 O-O 12. Bg3 Bxe5 13. dxe5 Ng4 14. Be2 f5 15. Nxd5 Qc5 16. Nf4 Qb6 17. Nxe6 Qxe6 18. Rc1 Ndxe5 19. Rxc7 b5 20. Qc2 Nf6 21. Bxe5 Qxe5 22. Rc5 Qe6 23. a4 Ne4 24. axb5 axb5 25. Bxb5 Kh8 26. Rc6 1-0

[Event "Istanbul Open 2019"]
[Site "Istanbul"]
[Date "2019.08.31"]
[Round "8.14"]
[White "Aganazarov, Yagmyr"]
[Black "Portakalci, Yusuf"]
[Result "1/2-1/2"]
[ECO "C02"]
[WhiteElo "1976"]
[BlackElo "1831"]
[Annotator "NA RC"]
[PlyCount "98"]
[EventDate "2019.08.26"]
[EventType "swiss"]
[EventCountry "TUR"]
[SourceTitle "playchess.com"]
[Source "ChessBase"]
[SourceQuality "1"]
[TimeControl "5400+30"]

1. e4 e6 2. d4 d5 3. e5 c5 4. c3 f5 5. Bd3 Nc6 6. Ne2 Nh6 7. Nd2 Nf7 8. Nf3 Be7 9. h4 Qb6 10. Ng5 Nxg5 11. hxg5 Bd7 12. Be3 O-O-O 13. Kf1 Kb8 14. a4 c4 15. Bc2 Na5 16. Rb1 Rc8 17. Kg1 Qa6 18. Nf4 Qb6 19. Nh5 Qd8 20. Nxg7 Bxg5 21. Qd2 Be7 22. Nh5 Rg8 23. Nf4 Rg7 24. g3 Qg8 25. Kg2 Rf8 26. Rh3 Be8 27. Rbh1 Bg5 28. Bd1 Nc6 29. b3 cxb3 30. Bxb3 Na5 31. Ba2 h6 32. Ne2 h5 33. Bxg5 Rxg5 34. Nf4 Nc4 35. Qe2 Rg4 36. Nxh5 Bxh5 37. Rxh5 f4 38. Rh8 Rxg3+ 39. Kf1 Rg1+ 40. Rxg1 Qxh8 41. Ke1 Qh2 42. Qg4 Qh7 43. Qg6 Qh3 44. Qc2 Qh2 45. Qg6 Qh3 46. Qc2 Qh2 47. Qg6 Qh3 48. Qc2 Qh2 49. Qg6 Qh3 1/2-1/2

[Event "Istanbul Open 2019"]
[Site "Istanbul"]
[Date "2019.08.31"]
[Round "8.15"]
[White "Yalcinkaya, Efe"]
[Black "Pektas, Gokdeniz"]
[Result "0-1"]
[ECO "B33"]
[WhiteElo "1542"]
[BlackElo "1652"]
[Annotator "NA"]
[PlyCount "52"]
[EventDate "2019.08.26"]
[EventType "swiss"]
[EventCountry "TUR"]
[SourceTitle "playchess.com"]
[Source "ChessBase"]
[SourceQuality "1"]
[TimeControl "5400+30"]

1. e4 c5 2. Nf3 Nc6 3. d4 cxd4 4. Nxd4 Nf6 5. Nc3 e5 6. Ndb5 d6 7. Bg5 a6 8. Na3 b5 9. Nd5 Be7 10. Bxf6 Bxf6 11. c3 Bg5 12. Nc2 Be6 13. Ncb4 Nxb4 14. Nxb4 O-O 15. Be2 f5 16. exf5 Bxf5 17. O-O Be4 18. Bd3 Bb7 19. Qe2 Rf4 20. g3 Bf3 21. Qe1 Qd7 22. Be2 d5 23. Nxd5 Qh3 24. Ne3 Rh4 25. gxh4 Bxe3 26. fxe3 Qg2# 0-1

[Event "Istanbul Open 2019"]
[Site "Istanbul"]
[Date "2019.08.31"]
[Round "8.16"]
[White "Goker, Abdulkadir"]
[Black "Can, Ilhan"]
[Result "0-1"]
[ECO "D02"]
[WhiteElo "1670"]
[BlackElo "1683"]
[Annotator "NA RC"]
[PlyCount "67"]
[EventDate "2019.08.26"]
[EventType "swiss"]
[EventCountry "TUR"]
[SourceTitle "playchess.com"]
[Source "ChessBase"]
[SourceQuality "1"]
[TimeControl "5400+30"]

1. d4 Nf6 2. Nf3 e6 3. g3 c5 4. Bg2 d5 5. O-O Be7 6. c4 dxc4 7. Qa4+ Nbd7 8. dxc5 Qc7 9. c6 bxc6 10. Qxc4 Bb7 11. Na3 O-O 12. Bd2 Qb6 13. Qc2 Qa6 14. Nc4 c5 15. Rfe1 Be4 16. Qc1 Rab8 17. b3 Nb6 18. Bf4 Rbd8 19. Nfe5 Bxg2 20. Kxg2 Qb7+ 21. Kg1 Nfd5 22. Na5 Qa8 23. Nec6 Rd7 24. Nxe7+ Nxe7 25. Qxc5 Ned5 26. Qd4 Nf6 27. Qe3 Qd5 28. b4 Qh5 29. Qf3 Ng4 30. h4 Nd5 31. Rad1 f5 32. Nc6 Qf7 33. a3 Qf6 34. e4 0-1

[Event "Istanbul Open 2019"]
[Site "Istanbul"]
[Date "2019.08.31"]
[Round "8.17"]
[White "Goekkaya, Murat Bora"]
[Black "Bapoglu, Ibrahim"]
[Result "1-0"]
[ECO "E00"]
[WhiteElo "1594"]
[BlackElo "1501"]
[Annotator "NA RC"]
[PlyCount "79"]
[EventDate "2019.08.26"]
[EventType "swiss"]
[EventCountry "TUR"]
[SourceTitle "playchess.com"]
[Source "ChessBase"]
[SourceQuality "1"]
[TimeControl "5400+30"]

1. d4 Nf6 2. c4 e6 3. a3 d5 4. Nc3 c6 5. cxd5 exd5 6. Bg5 h6 7. Bh4 Be7 8. e3 O-O 9. Bd3 Re8 10. Nge2 Nfd7 11. Bg3 Bf6 12. O-O Nf8 13. Qc2 Bg4 14. f3 Bc8 15. Bf2 Ne6 16. Rad1 Kh8 17. Qd2 c5 18. dxc5 Nc6 19. b4 d4 20. Ne4 dxe3 21. Bxe3 Ng5 22. Nd6 Re7 23. Bb1 Qf8 24. f4 Ne6 25. b5 Ncd8 26. Qd3 Qg8 27. Ng3 Nf8 28. Nge4 Nd7 29. g4 g5 30. Nxf6 Rxe3 31. Qxe3 Nxf6 32. Qe5 Qg7 33. fxg5 Nxg4 34. Qxg7+ Kxg7 35. Ne8+ Kf8 36. Rxd8 Ke7 37. Rfd1 hxg5 38. Nc7 Rb8 39. Re8+ Kf6 40. Rdd8 1-0

[Event "Istanbul Open 2019"]
[Site "Istanbul"]
[Date "2019.08.31"]
[Round "8.18"]
[White "Hakkaki Fard, Pedram"]
[Black "Ahmadov, Orkhan"]
[Result "1-0"]
[ECO "D02"]
[WhiteElo "1720"]
[BlackElo "1615"]
[Annotator "NA RC"]
[PlyCount "77"]
[EventDate "2019.08.26"]
[EventType "swiss"]
[EventCountry "TUR"]
[SourceTitle "playchess.com"]
[Source "ChessBase"]
[SourceQuality "1"]
[TimeControl "5400+30"]

1. d4 d5 2. Bf4 Nf6 3. e3 c5 4. c3 e6 5. Nd2 Nc6 6. Ngf3 Bd6 7. Bg3 O-O 8. Bd3 b6 9. Ne5 Ne7 10. Qe2 Bb7 11. Rd1 Nf5 12. e4 Nxg3 13. hxg3 g6 14. Nxf7 Rxf7 15. e5 cxd4 16. cxd4 Bb4 17. exf6 Qxf6 18. Kf1 Qxd4 19. Nf3 Qf6 20. Ne5 Rg7 21. Rh4 Bd6 22. Ng4 Qe7 23. Re1 Rf8 24. Kg1 Bc8 25. a3 a5 26. Qd2 Bf4 27. Qc3 Bg5 28. Rh2 Bf6 29. Qb3 Bd4 30. Re2 Qc5 31. Rh4 Qd6 32. Nh6+ Kh8 33. Rxd4 Qd8 34. Qc3 e5 35. Rxe5 Qf6 36. Rf4 Qd6 37. Nf7+ Rgxf7 38. Rxf7 Rxf7 39. Re8# 1-0

[Event "Istanbul Open 2019"]
[Site "Istanbul"]
[Date "2019.08.31"]
[Round "8.19"]
[White "Ozbag, Berat"]
[Black "Ferat, Asur Maksut"]
[Result "1-0"]
[ECO "A84"]
[WhiteElo "1663"]
[BlackElo "1651"]
[Annotator "NA"]
[PlyCount "93"]
[EventDate "2019.08.26"]
[EventType "swiss"]
[EventCountry "TUR"]
[SourceTitle "playchess.com"]
[Source "ChessBase"]
[SourceQuality "1"]
[TimeControl "5400+30"]

1. d4 e6 2. Nf3 b6 3. c4 f5 4. e3 Nf6 5. Bd3 Bb7 6. O-O Be7 7. b3 O-O 8. Bb2 h6 9. Ne5 Qe8 10. Be2 d6 11. Nd3 Nbd7 12. Nf4 Qf7 13. Bf3 Bxf3 14. Qxf3 Ne4 15. Qe2 g5 16. Nd3 Kh7 17. f3 Nef6 18. Nd2 Rg8 19. e4 Rae8 20. Rae1 Bd8 21. g4 Nf8 22. e5 N6d7 23. exd6 cxd6 24. gxf5 Qxf5 25. Ne4 Bc7 26. Ng3 Qh3 27. Qe4+ Rg6 28. Nf2 Qh4 29. Qc6 Bb8 30. Re4 g4 31. Rxg4 Rxg4 32. fxg4 d5 33. Nfh1 Bxg3 34. Nxg3 Re7 35. Ba3 Rg7 36. Bxf8 Nxf8 37. Rxf8 Qxg4 38. Qe8 Qxd4+ 39. Kg2 Qe4+ 40. Kf1 Qd3+ 41. Ne2 Qh3+ 42. Ke1 Qh4+ 43. Kd1 Re7 44. Rh8+ Kg7 45. Qf8+ Kg6 46. Rg8+ Kh5 47. Ng3+ 1-0

[Event "Istanbul Open 2019"]
[Site "Istanbul"]
[Date "2019.09.01"]
[Round "9.2"]
[White "Shanava, Konstantine"]
[Black "Yarashov, Azat"]
[Result "1-0"]
[ECO "B25"]
[WhiteElo "2496"]
[BlackElo "2156"]
[Annotator "ChessBase"]
[PlyCount "63"]
[EventDate "2019.08.26"]
[EventType "swiss"]
[EventCountry "TUR"]
[SourceTitle "playchess.com"]
[Source "ChessBase"]
[SourceQuality "1"]
[TimeControl "5400+30"]

1. e4 c5 2. Nc3 Nc6 3. g3 g6 4. Bg2 Bg7 5. d3 Rb8 6. a4 a6 7. f4 d6 8. h3 Nf6 9. Nf3 O-O 10. O-O b5 11. axb5 axb5 12. g4 b4 13. Ne2 c4 14. Be3 b3 15. c3 cxd3 16. Qxd3 Nd7 17. Ng3 Nc5 18. Qe2 Qb6 19. Qf2 Bb7 20. e5 Rbc8 21. Ng5 Nd8 22. N5e4 Qc7 23. Nxc5 dxc5 24. Ne4 Bxe4 25. Bxe4 e6 26. Ra6 f6 27. exf6 Rxf6 28. Qg2 Kh8 29. Rfa1 Rf7 30. Kh1 Re7 31. Qf2 Nf7 32. Rc6 1-0

[Event "Istanbul Open 2019"]
[Site "Istanbul"]
[Date "2019.09.01"]
[Round "9.3"]
[White "Yaran, Siar"]
[Black "Darban, Morteza"]
[Result "1-0"]
[ECO "A37"]
[WhiteElo "2209"]
[BlackElo "2280"]
[Annotator "NA"]
[PlyCount "73"]
[EventDate "2019.08.26"]
[EventType "swiss"]
[EventCountry "TUR"]
[SourceTitle "playchess.com"]
[Source "ChessBase"]
[SourceQuality "1"]
[TimeControl "5400+30"]

1. Nf3 c5 2. c4 g6 3. Nc3 Bg7 4. g3 Nc6 5. Bg2 Nh6 6. h4 (6. a4 ) 6... Ng4 7. h5 $11 Nge5 8. Nxe5 Bxe5 9. d3 d6 10. Bf4 Bxf4 11. gxf4 Bg4 12. hxg6 fxg6 13. Qd2 Qd7 14. O-O-O Nd4 15. Rdg1 O-O-O 16. Be4 Bf5 17. Rg3 Rdf8 18. e3 Bxe4 19. dxe4 Ne6 20. Rd1 Qc6 21. Nd5 Rf7 22. Rh1 Re8 23. Rgh3 Nf8 24. Qc3 e5 25. Qd3 a6 26. f5 Kb8 27. f4 Ka8 28. f6 exf4 29. exf4 Qd7 30. Kb1 Qd8 31. a3 Re6 32. f5 gxf5 33. exf5 Re5 34. Rg1 Qd7 35. Rh5 Qe8 36. Ka2 Nd7 37. Rg7 1-0

[Event "Istanbul Open 2019"]
[Site "Istanbul"]
[Date "2019.09.01"]
[Round "9.4"]
[White "Eren, Ataberk"]
[Black "Oner, Oguz"]
[Result "1/2-1/2"]
[ECO "D36"]
[WhiteElo "2254"]
[BlackElo "1997"]
[Annotator "NA"]
[PlyCount "192"]
[EventDate "2019.08.26"]
[EventType "swiss"]
[EventCountry "TUR"]
[SourceTitle "playchess.com"]
[Source "ChessBase"]
[SourceQuality "1"]
[TimeControl "5400+30"]

1. d4 d5 2. c4 e6 3. Nc3 Nf6 4. cxd5 exd5 5. Bg5 c6 6. Qc2 Be7 7. e3 O-O 8. Nf3 Ne4 9. Bxe7 Qxe7 10. Nxe4 dxe4 11. Nd2 Bf5 12. g3 Nd7 13. Bg2 c5 14. dxc5 Nxc5 15. O-O Rac8 16. Nb3 Qe5 17. Nxc5 Rxc5 18. Qd2 Rfc8 19. Rac1 h5 20. Rxc5 Qxc5 21. h3 Qc4 22. Qa5 Qc5 23. Qa4 b5 24. Qa5 g6 25. a3 Qe5 26. b4 Rc7 27. Rd1 Kg7 28. Bf1 Rc3 29. Qxa7 Be6 30. Qd4 Qxd4 31. Rxd4 Rxa3 32. Bxb5 Bxh3 33. Rxe4 Rc3 34. Rc4 Rb3 35. Bc6 Kf8 36. Bd5 Rb1+ 37. Kh2 Be6 38. Bxe6 fxe6 39. Kh3 Ke7 40. Kh4 Rb2 41. f3 Rf2 42. f4 Rh2+ 43. Kg5 Rg2 44. Kh4 Rh2+ 45. Kg5 Rg2 46. Kxg6 Rxg3+ 47. Kxh5 Rxe3 48. b5 Rb3 49. Rc5 Kf6 50. Re5 Rc3 51. Kg4 Rb3 52. Rc5 Ke7 53. Re5 Kf6 54. Rh5 Kg6 55. Rg5+ Kf6 56. Re5 Rc3 57. Rh5 Kg6 58. Rh8 Rb3 59. Rb8 Rb4 60. Kf3 Kf5 61. Rf8+ Kg6 62. Rg8+ Kf6 63. Rg5 Ke7 64. Re5 Kd6 65. Kg4 Ke7 66. Kf3 Kd6 67. Kg3 Kd7 68. Rh5 Kd6 69. Re5 Kd7 70. Kf3 Kd6 71. Rh5 Ke7 72. Rc5 Kd6 73. Rg5 Ke7 74. Kg3 Kf6 75. Rh5 Rb3+ 76. Kf2 Rb4 77. Ke3 Ke7 78. Rh7+ Kd6 79. Rb7 Kd5 80. b6 Rb3+ 81. Kd2 Ke4 82. Kc2 Rb5 83. Kc3 Kxf4 84. Kc4 Rb1 85. Rf7+ Ke3 86. Kc5 e5 87. Kc6 e4 88. Rf5 Kd4 89. Rd5+ Kc4 90. Rc5+ Kd4 91. Rb5 Rxb5 92. Kxb5 e3 93. b7 e2 94. b8=Q e1=Q 95. Qd6+ Ke3 96. Qe5+ Kf2 1/2-1/2

[Event "Istanbul Open 2019"]
[Site "Istanbul"]
[Date "2019.09.01"]
[Round "9.6"]
[White "Bayramov, Elvin"]
[Black "Tarhan, Adar"]
[Result "1-0"]
[ECO "C26"]
[WhiteElo "2198"]
[BlackElo "1949"]
[Annotator "NA"]
[PlyCount "77"]
[EventDate "2019.08.26"]
[EventType "swiss"]
[EventCountry "TUR"]
[SourceTitle "playchess.com"]
[Source "ChessBase"]
[SourceQuality "1"]
[TimeControl "5400+30"]

1. e4 e5 2. Nc3 Nf6 3. Nf3 Nc6 4. g3 Bc5 5. Bg2 d6 6. d3 a6 7. O-O O-O 8. Bg5 h6 9. Be3 Bxe3 10. fxe3 Ne7 11. Nh4 c6 12. b3 Ng4 13. Qe2 d5 14. Nf5 Nxf5 15. exf5 Qg5 16. e4 Ne3 17. Rf3 d4 18. h4 Qe7 19. Nd1 Nxd1 20. Qxd1 f6 21. g4 a5 22. a4 b5 23. Rg3 bxa4 24. Rxa4 c5 25. Qd2 Qc7 26. g5 hxg5 27. hxg5 Bd7 28. Ra1 a4 29. gxf6 Rxf6 30. Qg5 Rf7 31. Bf3 Be8 32. Bh5 Rf8 33. Bxe8 Rfxe8 34. f6 axb3 35. Rxa8 Rxa8 36. cxb3 c4 37. bxc4 Ra1+ 38. Kg2 Ra2+ 39. Kf3 1-0

[Event "Istanbul Open 2019"]
[Site "Istanbul"]
[Date "2019.09.01"]
[Round "9.7"]
[White "Erdogan, Anil Berk"]
[Black "Ozdemir, Serhan Berat"]
[Result "1/2-1/2"]
[ECO "B43"]
[WhiteElo "2144"]
[BlackElo "1978"]
[Annotator "NA"]
[PlyCount "92"]
[EventDate "2019.08.26"]
[EventType "swiss"]
[EventCountry "TUR"]
[SourceTitle "playchess.com"]
[Source "ChessBase"]
[SourceQuality "1"]
[TimeControl "5400+30"]

1. e4 c5 2. Nf3 e6 3. d4 cxd4 4. Nxd4 a6 5. Nc3 b5 6. g3 b4 7. Na4 Bb7 8. Bg2 Nf6 9. Qe2 d6 10. O-O Nc6 11. Nb3 Be7 12. Rd1 Qc7 13. Bf4 Ne5 14. Nd4 O-O 15. b3 Rac8 16. Rac1 Ned7 17. c4 bxc3 18. Rxc3 Qa5 19. Rxc8 Rxc8 20. e5 Nd5 21. exd6 Nxf4 22. gxf4 Bxg2 23. Kxg2 Bf6 24. Qf3 Bxd4 25. Rxd4 Qf5 26. h3 Rd8 27. Qg4 Qf6 28. Qg5 Qxd4 29. Qxd8+ Nf8 30. Nb6 Qe4+ 31. Kg3 Qd3+ 32. Kg2 Qe4+ 33. Kg3 Qd3+ 34. Kg2 Qe4+ 35. Kg3 h5 36. Nd7 h4+ 37. Kh2 Qxf4+ 38. Kg1 Qc1+ 39. Kh2 Qf4+ 40. Kg1 Qc1+ 41. Kh2 Qf4+ 42. Kg2 Qe4+ 43. Kg1 Qe1+ 44. Kg2 Qe4+ 45. Kg1 Qe1+ 46. Kg2 Qe4+ 1/2-1/2

[Event "Istanbul Open 2019"]
[Site "Istanbul"]
[Date "2019.09.01"]
[Round "9.10"]
[White "Yaylali, Adnan Dogan"]
[Black "Mammadov, Sadig"]
[Result "0-1"]
[ECO "E71"]
[WhiteElo "1982"]
[BlackElo "2243"]
[Annotator "NA"]
[PlyCount "92"]
[EventDate "2019.08.26"]
[EventType "swiss"]
[EventCountry "TUR"]
[SourceTitle "playchess.com"]
[Source "ChessBase"]
[SourceQuality "1"]
[TimeControl "5400+30"]

1. d4 Nf6 2. c4 g6 3. Nc3 Bg7 4. e4 d6 5. h3 Nbd7 6. Be3 e5 7. d5 O-O 8. g4 Nc5 9. f3 a5 10. Qd2 Ne8 11. h4 f5 12. gxf5 gxf5 13. exf5 Bxf5 14. O-O-O a4 15. Nh3 a3 16. b3 Qf6 17. Bg5 Qf7 18. Nf2 Nf6 19. Bh3 Nh5 20. Nce4 b6 21. Nf6+ Nxf6 22. Bxf5 Nxd5 23. Bc2 Nf4 24. Ng4 Nce6 25. Nh6+ Bxh6 26. Bxh6 Rfe8 27. Qe3 Kh8 28. Rhg1 Rg8 29. Qe4 Rab8 30. Rg4 Rg6 31. Bg5 Rbg8 32. Rdg1 Nh3 33. R1g2 Nhxg5 34. hxg5 Rxg5 35. Rh2 R8g7 36. Qa8+ Qg8 37. Qd5 Rxg4 38. fxg4 Nd4 39. Be4 Qxd5 40. cxd5 Rxg4 41. Rxh7+ Kg8 42. Rxc7 Rxe4 43. Ra7 Re1+ 44. Kd2 Re2+ 45. Kd3 Rxa2 46. Ra6 Rb2 0-1

[Event "Istanbul Open 2019"]
[Site "Istanbul"]
[Date "2019.09.01"]
[Round "9.11"]
[White "Portakalci, Yusuf"]
[Black "Mohannad, Farhan"]
[Result "0-1"]
[ECO "A63"]
[WhiteElo "1831"]
[BlackElo "2151"]
[Annotator "NA"]
[PlyCount "90"]
[EventDate "2019.08.26"]
[EventType "swiss"]
[EventCountry "TUR"]
[SourceTitle "playchess.com"]
[Source "ChessBase"]
[SourceQuality "1"]
[TimeControl "5400+30"]

1. d4 Nf6 2. c4 g6 3. Nf3 Bg7 4. g3 O-O 5. Bg2 c5 6. d5 e6 7. Nc3 exd5 8. cxd5 Re8 9. O-O d6 10. Re1 a6 11. a4 Nbd7 12. e4 Qc7 $14 13. Qc2 Rb8 14. a5 b5 15. axb6 Rxb6 16. h3 Rb4 17. Nh2 c4 18. Ra4 Rxa4 19. Qxa4 Nb6 20. Qd1 Nfd7 21. Na4 Ne5 22. Bf1 Bd7 23. Nxb6 Qxb6 24. Qc2 Rb8 25. Kg2 f5 26. f4 Nd3 27. Bxd3 cxd3 28. Qxd3 fxe4 29. Qxe4 Re8 30. Qxe8+ Bxe8 31. Rxe8+ Kf7 32. Re2 Qb5 33. Kf2 Bd4+ 34. Be3 Bxb2 35. Nf3 Bf6 36. g4 a5 37. f5 gxf5 38. g5 Bc3 39. h4 a4 40. h5 a3 41. g6+ hxg6 42. Ng5+ Kg8 43. h6 Qxe2+ 44. Kxe2 a2 45. h7+ Kh8 0-1

[Event "Istanbul Open 2019"]
[Site "Istanbul"]
[Date "2019.09.01"]
[Round "9.12"]
[White "Emir, Emirhan"]
[Black "Ozsakallioglu, Akin"]
[Result "1/2-1/2"]
[ECO "A65"]
[WhiteElo "1952"]
[BlackElo "2067"]
[Annotator "NA"]
[PlyCount "108"]
[EventDate "2019.08.26"]
[EventType "swiss"]
[EventCountry "TUR"]
[SourceTitle "playchess.com"]
[Source "ChessBase"]
[SourceQuality "1"]
[TimeControl "5400+30"]

1. c4 Nf6 2. Nc3 g6 3. e4 d6 4. d4 Bg7 5. f3 O-O 6. Be3 c5 7. d5 e6 8. Qd2 exd5 9. cxd5 Nbd7 10. Nh3 a6 11. a4 Ne5 12. Nf2 Bd7 13. h3 b5 14. f4 Nc4 15. Bxc4 bxc4 16. O-O Qb8 17. Rfe1 Re8 18. Qc2 Qb4 19. Bd2 Reb8 20. Nb5 axb5 21. Bxb4 cxb4 22. axb5 Bxb5 23. Rxa8 Rxa8 24. Qd2 Ra4 25. e5 Nd7 26. e6 Nc5 27. exf7+ Kxf7 28. Qe2 Bf6 29. Ne4 Nxe4 30. Qxe4 c3 31. b3 Ra7 32. Qxb4 Bd3 33. Qb6 Rd7 34. Qc6 Bd4+ 35. Kh2 Re7 36. Rd1 Re3 37. b4 c2 38. Rxd3 Rxd3 39. Qxc2 Rc3 40. Qd2 Bf6 41. b5 Rb3 42. Qe2 Bh4 43. Qg4 Bf2 44. f5 Bc5 45. fxg6+ hxg6 46. Qd7+ Kf6 47. Qe6+ Kg7 48. Qe7+ Kh6 49. h4 Rxb5 50. Qe8 Rb7 51. Qh8+ Rh7 52. Qf8+ Rg7 53. Qh8+ Rh7 54. Qf8+ Rg7 1/2-1/2

[Event "Istanbul Open 2019"]
[Site "Istanbul"]
[Date "2019.09.01"]
[Round "9.13"]
[White "Caglar, Ahmet Ata"]
[Black "Valiyev, Shahin"]
[Result "1/2-1/2"]
[ECO "D78"]
[WhiteElo "2053"]
[BlackElo "1944"]
[Annotator "NA"]
[PlyCount "118"]
[EventDate "2019.08.26"]
[EventType "swiss"]
[EventCountry "TUR"]
[SourceTitle "playchess.com"]
[Source "ChessBase"]
[SourceQuality "1"]
[TimeControl "5400+30"]

1. Nf3 Nf6 2. g3 g6 3. Bg2 Bg7 4. O-O O-O 5. c4 c6 6. b3 Ne4 7. d4 d5 8. Bb2 Nd7 9. Nc3 Ndf6 10. Nd2 Nxc3 11. Bxc3 b5 12. e4 bxc4 13. e5 Ne4 14. Nxe4 dxe4 15. bxc4 Bf5 16. Qe2 c5 17. Bxe4 cxd4 18. Bxa8 dxc3 19. Be4 Qd4 20. Bxf5 gxf5 21. Rfe1 Bh6 22. Qc2 e6 23. Rad1 Bd2 24. Re2 Rc8 25. Rexd2 cxd2 26. Rxd2 Rxc4 27. Rxd4 Rxc2 28. Ra4 Rc7 29. Kg2 Kg7 30. Ra6 Rd7 31. Kf3 Kg6 32. a4 Kg5 33. h3 h6 34. Ke3 Rc7 35. f4+ Kg6 36. Kd4 h5 37. h4 Kg7 38. Ra5 Kf8 39. Rc5 Rd7+ 40. Kc4 Rd1 41. Kb5 Rd3 42. Ka6 Rxg3 43. Kxa7 Rg4 44. Kb6 Rxh4 45. a5 Rxf4 46. a6 Rb4+ 47. Rb5 Ra4 48. a7 Rxa7 49. Kxa7 Kg7 50. Kb6 f6 51. Kc5 fxe5 52. Kd6 Kf6 53. Rxe5 h4 54. Re1 Kg5 55. Kxe6 h3 56. Ke5 Kg4 57. Rh1 Kg3 58. Kxf5 h2 59. Rxh2 Kxh2 1/2-1/2

[Event "Istanbul Open 2019"]
[Site "Istanbul"]
[Date "2019.09.01"]
[Round "9.14"]
[White "Ozbay, Ece"]
[Black "Demirbas, Emre"]
[Result "0-1"]
[ECO "B40"]
[WhiteElo "2125"]
[BlackElo "1879"]
[Annotator "NA"]
[PlyCount "164"]
[EventDate "2019.08.26"]
[EventType "swiss"]
[EventCountry "TUR"]
[SourceTitle "playchess.com"]
[Source "ChessBase"]
[SourceQuality "1"]
[TimeControl "5400+30"]

1. e4 c5 2. Nf3 e6 3. d4 cxd4 4. Nxd4 Nf6 5. Bd3 Nc6 6. Nxc6 bxc6 7. O-O d5 8. e5 Nd7 9. Re1 Qc7 10. Qe2 Be7 11. c3 Rb8 12. Nd2 Nc5 13. Bc2 Ba6 14. Qg4 g6 15. Re3 h5 16. Qf4 f5 17. h4 Kd7 18. Nf3 Ne4 19. Ng5 Rbf8 20. Bd3 Qb6 21. Bxa6 Qxa6 22. Re1 Nxg5 23. hxg5 h4 24. Be3 Rh5 25. Qd4 c5 26. Qd2 Qc4 27. Bf4 Rd8 28. b3 Qa6 29. Rad1 Ke8 30. Kh2 Kf7 31. Be3 Qc6 32. f3 h3 33. g4 fxg4 34. fxg4 Rhh8 35. Rf1+ Kg7 36. Qf2 Rdf8 37. Qg3 Qa6 38. Rxf8 Rxf8 39. Rd2 d4 40. cxd4 cxd4 41. Bxd4 Bxg5 42. Be3 Be7 43. Rf2 Rxf2+ 44. Qxf2 Qd3 45. Qg3 Qe2+ 46. Kxh3 Qxa2 47. Bf2 Bg5 48. Kg2 Qe2 49. Kh3 Qe4 50. Qg1 Bf4 51. Bg3 Be3 52. Qf1 Bg5 53. Qg2 Qb1 54. Qf3 a5 55. Bf2 Qf1+ 56. Qg2 Qd3+ 57. Qg3 Qe4 58. Qg1 Bf4 59. Bg3 Bxe5 60. Qa7+ Kf6 61. Qf2+ Ke7 62. Qa2 Kf6 63. Qf2+ Kg7 64. Qa2 Kh6 65. Bxe5 Qxe5 66. Qf2 Qc3+ 67. Kg2 Kg5 68. Qb6 Qd2+ 69. Kh3 Qd3+ 70. Kg2 Qe2+ 71. Kh1 Qe1+ 72. Kg2 Kxg4 73. Qd4+ Kf5 74. Qd8 Qe2+ 75. Kg1 Qe4 76. Qxa5+ Kg4 77. Qa4 Kf3 78. Qxe4+ Kxe4 79. Kf2 Kd4 80. Kf3 Kc3 81. Ke4 Kxb3 82. Ke5 g5 0-1

[Event "Istanbul Open 2019"]
[Site "Istanbul"]
[Date "2019.09.01"]
[Round "9.15"]
[White "Pektas, Gokdeniz"]
[Black "Goekkaya, Murat Bora"]
[Result "0-1"]
[ECO "E32"]
[WhiteElo "1652"]
[BlackElo "1594"]
[Annotator "NA"]
[PlyCount "62"]
[EventDate "2019.08.26"]
[EventType "swiss"]
[EventCountry "TUR"]
[SourceTitle "playchess.com"]
[Source "ChessBase"]
[SourceQuality "1"]
[TimeControl "5400+30"]

1. d4 Nf6 2. c4 e6 3. Nc3 Bb4 4. Qc2 O-O 5. a3 Bxc3+ 6. Qxc3 Ne4 7. Qc2 f5 8. g3 b6 9. f3 Nf6 10. Bg2 Bb7 11. Nh3 Nc6 12. Be3 Qe7 13. Rd1 Rae8 14. O-O e5 15. d5 Nd4 16. Bxd4 exd4 17. Rfe1 c6 18. Qd3 c5 19. Qd2 Ba6 20. b3 Qe3+ 21. Qxe3 Rxe3 22. Rd3 Nxd5 23. Nf2 Rfe8 24. Bf1 Kf7 25. Rc1 Nc3 26. Rc2 Nxe2+ 27. Bxe2 Rxe2 28. Rxe2 Rxe2 29. Kf1 Re7 30. Rd2 d5 31. Rc2 Re3 0-1